Map: Année zéro EC

Players

LeiHou - Winner!

  • Race: Terran Terran
  • League: Diamond
  • Spawn Location: 1:00

Sorandom

  • Race: Zerg Zerg
  • League: Diamond
  • Spawn Location: 11:00

VOD

Have the link to the VOD?

Description

Time

  • Played on: April 9, 2019, 7:22 p.m.
  • Length: 10:56
Show
View Real Time Build Order
Export as new Build Order

LeiHou Terran - Winner!

Build Orders: Reaper Expand 

Get SALT Encoding   

  12  0:01  SCV  
  13  0:13  SCV  
  14  0:20  Supply Depot  
  14  0:25  SCV  
  15  0:42  SCV  
  16  0:43  Barracks  
  16  0:48  Refinery  
  16  0:54  SCV  
  17  1:06  SCV  
  18  1:18  SCV  
  19  1:31  Reaper, Orbital Command  
  20  1:43  Command Center  
  20  1:54  Supply Depot  
  20  1:59  SCV  
  21  2:03  Marine  
  22  2:11  SCV  
  23  2:16  Refinery  
  23  2:18  Factory  
  23  2:23  SCV  
  23  2:27  Barracks Reactor  
  24  2:35  SCV  
  25  2:47  SCV  
  25  3:00  Orbital Command  
  25  3:08  SCV, Starport  
  26  3:14  Hellion x2  
  30  3:20  SCV  
  30  3:22  Barracks Tech Lab  
  30  3:26  SCV  
  32  3:33  SCV  
  33  3:35  Hellion  
  33  3:36  Hellion  
  33  3:39  SCV  
  38  3:43  Marine  
  38  3:45  SCV  
  38  3:47  Supply Depot  
  38  3:48  Viking  
  42  3:51  SCV, Stimpack  
  43  3:57  SCV  
  43  4:01  Marine  
  45  4:03  SCV  
  45  4:09  SCV, Hellion x2  
  51  4:12  Supply Depot  
  51  4:19  Marine  
  51  4:22  SCV  
  53  4:33  SCV  
  53  4:35  SCV  
  53  4:36  Armory  
  55  4:39  Supply Depot, Hellion x2  
  55  4:40  Marine  
  55  4:41  Medivac  
  62  5:01  SCV x2  
  64  5:13  SCV x2  
  66  5:16  Barracks  
  66  5:19  Barracks  
  66  5:20  Command Center  
  66  5:25  SCV x2  
  66  5:27  Supply Depot, Engineering Bay x2  
  68  5:32  Starport Reactor  
  68  5:37  SCV x2  
  68  5:38  Barracks  
  68  5:40  Barracks  
  70  5:51  Combat Shield  
  55  6:09  SCV x2  
  53  6:12  Supply Depot  
  53  6:14  Barracks Tech Lab  
  53  6:15  Barracks Reactor  
  53  6:17  Marine  
  54  6:18  Medivac x2, Hellbat x2  
  54  6:21  SCV  
  54  6:24  SCV  
  60  6:26  Refinery  
  60  6:32  Refinery  
  60  6:33  SCV x2  
  60  6:37  Supply Depot  
  62  6:41  Marauder  
  62  6:43  Barracks Reactor x2  
  62  6:45  Terran Infantry Armor Level 1, Terran Infantry Weapons Level 1  
  62  6:46  SCV  
  65  6:47  Orbital Command  
  65  7:00  SCV  
  65  7:01  SCV  
  65  7:09  Marauder x2, Marine x2  
  65  7:11  Medivac x2, Hellbat x2  
  65  7:12  SCV  
  65  7:13  SCV x2  
  82  7:18  Terran Vehicle And Ship Armor Level 1  
  82  7:21  Armory, Marine  
  82  7:22  Marine x3  
  86  7:25  SCV x3  
  86  7:27  Marine x2  
  91  7:30  Supply Depot, Marine  
  91  7:31  Marauder  
  96  7:37  SCV x2  
  96  7:39  Marine  
  97  7:48  SCV  
  97  7:49  SCV  
  99  7:52  Supply Depot  
  99  7:53  SCV  
  99  7:54  Supply Depot  
  99  7:57  Marauder, Marine  
  99  7:58  Marauder, Marine x5  
  107  8:01  Concussive Shells  
  110  8:08  Command Center  
  110  8:15  Supply Depot, Marine  
  110  8:16  SCV x2, Marine x5  
  110  8:18  Supply Depot  
  110  8:19  Marauder x2, Refinery  
  121  8:20  Refinery  
  121  8:24  Missile Turret  
  121  8:26  Missile Turret  
  121  8:27  Missile Turret  
  121  8:32  Missile Turret x2  
  121  8:33  Terran Vehicle Weapons Level 1  
  121  8:40  Marauder  
  118  8:59  Marine  
  118  9:00  Marauder, Marine x5  
  118  9:02  Marauder  
  126  9:03  Hellbat x2  
  121  9:11  Factory  
  121  9:13  Factory  
  121  9:14  SCV  
  121  9:15  SCV  
  117  9:17  Marine x3  
  117  9:23  Missile Turret, Planetary Fortress  
  120  9:26  Missile Turret  
  120  9:27  SCV x3  
  120  9:28  Marine  
  120  9:29  Marauder  
  128  9:31  Marauder, Marine  
  129  9:38  Medivac  
  129  9:39  Medivac  
  129  9:43  Marine  
  134  9:47  Missile Turret  
  134  9:50  Marauder  
  138  9:53  Marauder  
  138  9:54  Marine x2  
  138  9:55  Marine x2  
  142  10:01  Factory Tech Lab x2  
  142  10:05  Refinery  
  142  10:08  Missile Turret, Refinery  
  142  10:11  Marauder  
  146  10:14  Marauder  
  146  10:33  Marine  
  146  10:34  Marauder, Marine  
  146  10:35  Marine x4  
Show
View Real Time Build Order
Export as new Build Order

Sorandom Zerg 

Build Orders: Pool First 

Get SALT Encoding   

  12  0:03  Drone  
  13  0:13  Overlord  
  13  0:19  Drone  
  14  0:31  Drone x2  
  16  0:35  Drone  
  17  0:48  Drone  
  18  0:51  Spawning Pool  
  18  0:54  Extractor  
  16  0:57  Drone  
  17  1:18  Hatchery  
  16  1:20  Drone  
  16  1:24  Drone  
  18  1:31  Drone  
  19  1:40  Overlord  
  19  1:47  Queen  
  19  1:51  Zergling x2  
  23  2:01  Drone  
  23  2:12  Drone  
  24  2:17  Extractor  
  23  2:23  Queen  
  23  2:28  Zergling x2  
  23  2:29  Queen  
  28  2:30  Metabolic Boost  
  28  2:36  Zergling x2  
  29  2:48  Drone x3  
  32  2:55  Drone  
  32  2:56  Drone x2  
  34  3:00  Zergling x2  
  35  3:08  Lair  
  35  3:18  Overlord  
  35  3:31  Hatchery  
  35  3:33  Overlord  
  34  3:43  Drone x2  
  34  3:45  Baneling Nest  
  35  3:49  Drone x2  
  35  3:50  Drone  
  35  3:52  Drone  
  39  4:00  Drone x3  
  42  4:06  Drone x2  
  42  4:09  Drone  
  45  4:12  Spore Crawler  
  45  4:14  Drone  
  45  4:21  Zergling x6  
  48  4:29  Roach Warren  
  48  4:31  Zergling x2  
  48  4:32  Spine Crawler  
  48  4:38  Zergling x6  
  50  4:40  Overlord  
  50  4:48  Zergling x8  
  54  4:53  Drone x2  
  54  4:58  Overlord  
  56  5:00  Overlord  
  56  5:04  Drone  
  56  5:05  Drone  
  58  5:08  Lair  
  58  5:12  Evolution Chamber  
  58  5:13  Evolution Chamber  
  56  5:15  Extractor  
  56  5:16  Extractor  
  56  5:19  Drone  
  56  5:20  Drone x2  
  57  5:24  Spore Crawler  
  56  5:34  Zergling x2  
  56  5:35  Zergling x4  
  59  5:36  Drone x2  
  59  5:38  Baneling x3  
  59  5:39  Baneling x2  
  61  5:47  Drone  
  61  5:48  Spire, Drone x2  
  61  5:49  Zergling x2  
  63  5:59  Zergling x10  
  53  6:05  Drone x4  
  53  6:09  Drone  
  53  6:10  Drone  
  57  6:13  Drone  
  57  6:14  Queen  
  58  6:27  Overlord x4  
  58  6:52  Drone x7  
  65  7:02  Drone  
  65  7:03  Drone  
  67  7:15  Mutalisk x2  
  69  7:17  Drone x6  
  69  7:18  Extractor  
  69  7:20  Extractor  
  75  7:36  Spine Crawler  
  74  7:37  Mutalisk  
  74  7:39  Overlord x2  
  74  7:40  Zergling x2  
  77  7:45  Zergling x2  
  77  7:46  Zergling x8  
  82  7:53  Hatchery  
  82  7:55  Overseer  
  82  7:57  Mutalisk x2  
  85  7:59  Zergling x4  
  85  8:03  Zergling x12  
  93  8:08  Mutalisk  
  93  8:13  Baneling x2  
  93  8:14  Zergling x2, Baneling  
  93  8:15  Zergling x8  
  93  8:17  Queen  
  97  8:36  Overlord x6  
  97  8:37  Overlord x3  
  97  8:41  Queen x2  
  96  8:46  Drone x5  
  83  8:48  Zergling x2  
  81  9:01  Mutalisk x5  
  89  9:03  Queen  
  89  9:09  Drone x5  
  94  9:16  Queen  
  94  9:17  Drone x2  
  94  9:19  Burrow  
  94  9:21  Hatchery  
  97  9:24  Extractor  
  96  9:31  Mutalisk  
  96  9:32  Mutalisk  
  100  9:46  Drone x8  
  100  9:51  Corruptor  
  110  9:56  Zergling x2  
  110  9:57  Zergling x12  
  110  9:59  Hatchery  
  116  10:02  Mutalisk  
  116  10:05  Zergling x2  
  119  10:13  Zergling x10  
  116  10:26  Zergling x18  
  120  10:30  Baneling x16  
  120  10:31  Zergling x2  
  120  10:32  Zergling x2  
  122  10:38  Zergling x2  
  123  10:48  Hatchery  
Tags
 
Add a new tag
Caveats
  • Supply blocks, unpowered buildings, or Contaminate may cause inaccurate times.
  • Supply counts are checked every 10 seconds.